[Event "Israel National League 2024"]
[Site "Israel"]
[Date "2024.03.01"]
[Round "9.14"]
[White "Kochavi, Ori"]
[Black "Rozen, Eytan"]
[Result "0-1"]
[ECO "B70"]
[WhiteElo "2428"]
[BlackElo "2462"]
[Annotator "RC"]
[PlyCount "194"]
[EventDate "2024.01.07"]
[EventType "team-tourn"]
[EventCountry "ISR"]
[SourceTitle "playchess.com"]
[Source "ChessBase"]
[SourceQuality "1"]
[TimeControl "40/5400+30:1800+30"]

1. e4 c5 2. Nf3 g6 3. d4 cxd4 4. Qxd4 Nf6 5. Nc3 Nc6 6. Qd1 d6 7. h3 Bg7 8. Bc4 O-O 9. O-O a6 10. a3 b5 11. Ba2 b4 12. axb4 Nxb4 13. Bb3 a5 14. Re1 Bb7 15. Bg5 h6 16. Bf4 Nd7 17. Qd2 Kh7 18. h4 e5 19. Bh2 Nc5 20. Rad1 Nbd3 21. cxd3 Nxb3 22. Qc2 Qb6 23. Nd2 Nd4 24. Qb1 Qd8 25. Nc4 a4 26. Ne2 Nb3 27. Qa2 d5 28. Nxe5 Qxh4 29. Nc3 dxe4 30. dxe4 Qh5 31. Rd7 Bxe5 32. Bxe5 Bc6 33. Re7 Qg5 34. Qa3 Nd2 35. Bg3 Nc4 36. Qb4 Nxb2 37. Re3 a3 38. Rf3 Kg8 39. Bf4 Qh4 40. Bg3 Qg5 41. Bf4 Qh5 42. Rh3 Qg4 43. Bxh6 Rfd8 44. f3 Qc8 45. Qc5 Qb8 46. Nd5 Rxd5 47. exd5 a2 48. Qc3 a1=Q+ 49. Bc1 Qxc1+ 50. Qxc1 Bxd5 51. Re2 Qb6+ 52. Kh2 Qd6+ 53. g3 Nc4 54. Qh6 Qf6 55. Qh7+ Kf8 56. Qh6+ Kg8 57. Qh7+ Kf8 58. Qh6+ Qg7 59. Qh8+ Qxh8 60. Rxh8+ Kg7 61. Rxa8 Bxa8 62. f4 Bf3 63. Rc2 Ne3 64. Rc3 Ng4+ 65. Kg1 Be4 66. Kf1 Kf6 67. Ke2 Bd5 68. Rc5 Ke6 69. Ra5 Nf6 70. Ke3 Ng4+ 71. Kd4 Bf3 72. Ra6+ Kf5 73. Ra5+ Ke6 74. Ra6+ Kf5 75. Ra5+ Kf6 76. Ra6+ Kg7 77. Ra3 Bc6 78. Ra6 Bd7 79. Ra7 Be6 80. Ra5 Kh6 81. Ra8 Nf6 82. Rh8+ Kg7 83. Ra8 Nh5 84. Ra3 Bf5 85. Ke5 Kh6 86. Rb3 Be6 87. Ra3 Ng7 88. Kf6 Ne8+ 89. Ke7 Nc7 90. Kf8 Nd5 91. Rd3 Kh5 92. Kg7 Kg4 93. Ra3 Ne7 94. Ra6 Nf5+ 95. Kf6 Nxg3 96. Ke5 Nh5 97. Ra4 Bf5 0-1

[Event "Israel National League 2024"]
[Site "Israel"]
[Date "2024.03.01"]
[Round "9.15"]
[White "Erenberg, Ariel"]
[Black "Ben Ari, Yannay"]
[Result "0-1"]
[ECO "B48"]
[WhiteElo "2496"]
[BlackElo "2417"]
[Annotator "TA"]
[PlyCount "46"]
[EventDate "2024.01.07"]
[EventType "team-tourn"]
[EventCountry "ISR"]
[SourceTitle "playchess.com"]
[Source "ChessBase"]
[SourceQuality "1"]
[TimeControl "40/5400+30:1800+30"]

1. e4 c5 2. Nf3 e6 3. d4 cxd4 4. Nxd4 Nc6 5. Nc3 Qc7 6. Be3 a6 7. g4 (7. a3 $14) 7... b5 $11 8. Nxc6 Qxc6 9. Qd2 {[%emt 0:00:04] The position is equal.} b4 10. Ne2 Qxe4 11. Rg1 {[%emt 0:00:02] [#] Bg2 is the strong threat.} Qc4 12. Nd4 Qc7 13. O-O-O Nf6 14. f4 (14. Bf4 $11 d6 15. Qxb4) 14... Bb7 $17 15. f5 e5 16. Nb3 a5 17. Bg2 a4 (17... Nxg4 $2 18. Bb6 (18. Bxb7 Qxb7 19. Rxg4 d6 $18) 18... Qc8 19. Bxb7 (19. Nxa5 Bxg2 20. Qxg2 h5 $11) 19... Qxb7 20. Rxg4 $18 (20. Nxa5 Rxa5 21. Bxa5 Nf6 $18)) ({Black should play} 17... Bxg2 18. Qxg2 Rc8) 18. Nd4 $2 {[%emt 0:09:51] Loses the game.} b3 $19 (18... exd4 19. Bf4 Qb6 20. Rge1+ Kd8 21. Kb1) 19. Nb5 {[%emt 0:09:27] [#]} (19. a3 $142 Rc8 (19... exd4 $2 20. Bf4 $19) 20. c3 Bxg2 (20... exd4 $2 21. Bf4 $19) 21. Qxg2 exd4 22. Bxd4) 19... Qc4 $1 {[%emt 0:02:00][%cal Ob3a2] Hoping for ...bxa2! Black is clearly winning.} (19... Qxc2+ 20. Qxc2 bxc2 21. Rd3 Bxg2 22. Rxg2 $15) 20. Qd3 Qxd3 (20... Qxg4 $2 {too greedy.} 21. Bxb7 bxa2 22. Nc7+ (22. Bxa8 a1=Q+ 23. Kd2 Qb4+ 24. Nc3 Qa2 $17) 22... Kd8 23. Rxg4 $18 (23. Bxa8 $2 {is the wrong capture.} a1=Q+ 24. Kd2 Bb4+ 25. c3 Qxb2+ 26. Ke1 Qxc3+ 27. Kf2 Qxd3 $19)) 21. cxd3 {[%emt 0:00:06] Nc7+ would now be deadly.} bxa2 22. Kd2 {[%emt 0:00:13] Threatens to win with Nc7+.} Bxg2 23. Rxg2 {[%emt 0:00:06] Black must now prevent Nc7+.} Rb8 {[%emt 0:00:04] Weighted Error Value: White=0.41/Black=0.07 (flawless) .  Loses game:     	White=1     	---        Mistake:       	White=2     	Black=1      Inaccurate:     	White=1     	---        OK:         	White=6     	Black=10     Best:        	White=1     	---        Strong:       	---       	Black=1} 0-1

[Event "Israel National League 2024"]
[Site "Israel"]
[Date "2024.03.01"]
[Round "9.16"]
[White "Iliaguev, Nisim"]
[Black "Rozentalis, Eduardas"]
[Result "0-1"]
[ECO "A14"]
[WhiteElo "2399"]
[BlackElo "2455"]
[Annotator "TA"]
[PlyCount "84"]
[EventDate "2024.01.07"]
[EventType "team-tourn"]
[EventCountry "ISR"]
[SourceTitle "playchess.com"]
[Source "ChessBase"]
[SourceQuality "1"]
[TimeControl "40/5400+30:1800+30"]

1. c4 e6 2. g3 d5 3. Bg2 Nf6 4. Nf3 Be7 5. O-O O-O 6. b3 b6 7. Bb2 Bb7 8. Qc2 c5 9. d4 Nbd7 10. Rd1 dxc4 {[%emt 0:03:15] The position is equal.} 11. dxc5 {[%emt 0:01:41] Ng5 is the strong threat.} cxb3 (11... Bxc5 12. Qxc4 Qe7 13. Qf4 $11) 12. axb3 Qc7 (12... bxc5 $2 {perishes.} 13. Ng5 Bd5 14. e4 Nxe4 15. Nxe4 $18) 13. Nc3 Bxc5 (13... Qxc5 $2 14. Ba3 Qxa3 15. Rxa3 Bxa3 16. Rxd7 Nxd7 17. Ng5 $18) 14. Ra4 (14. Qd2 $142) 14... Rfd8 (14... a6 $142 15. Nd2 Bxg2 16. Kxg2 b5) 15. e3 (15. Rc4 $142) 15... Bc6 (15... a6 $142 $1 16. Rh4 Rac8) 16. Rf4 Qb7 {[%emt 0:03:51] aiming for ...e5.} 17. b4 {[%emt 0:05:11] [#]} Bxb4 18. Nb5 (18. Rxb4 $17 Bxf3 19. Bxf3 Qxf3 20. Rbd4) 18... Rac8 19. Bxf6 Nxf6 (19... Bxb5 $19 20. Ne5 Qb8 (20... Nxf6 $2 {loses.} 21. Rxd8+ Rxd8 22. Bxb7 $18) (20... gxf6 21. Qb1 $11)) 20. Nxa7 Rxd1+ 21. Qxd1 Qxa7 22. Rxb4 Qb7 23. Nh4 h6 24. Bxc6 Qxc6 25. Rb1 (25. Nf3 $17) 25... Ne4 $19 {[%emt 0:02:29] Threatens to win with ...Nc3.} 26. Qd4 (26. Qd3 {is a better chance.}) 26... Ng5 (26... Nxf2 $142 {( -> ...Qh1+)} 27. e4 Nh3+ (27... Nxe4 $2 28. Qxb6 Qd5 29. Nf3 $19) (27... Qxe4 $2 28. Qxe4 Nxe4 29. Rxb6 $19) 28. Kh1 Ng5) 27. e4 Qxe4 28. Qxe4 Nxe4 {[%emt 0:00:06][%mdl 4096] Endgame. KRN-KRN} 29. Rb4 {[%emt 0:00:04] [#]} Nd2 {[%emt 0:01:00] And now ...g5 would win.} 30. f4 Rc1+ 31. Kf2 Rb1 32. Rxb1 Nxb1 {[%emt 0:00:05] KN-KN} 33. Ke3 Nc3 34. Nf3 Kf8 35. Kd4 Nd5 36. f5 Ke7 37. fxe6 Kxe6 38. g4 (38. Kc4 {keeps fighting.}) 38... Ne7 {[%emt 0:01:09] Black is clearly winning.} 39. Ke4 Nc6 40. h4 b5 41. h5 b4 42. Nd2 Na5 {[%emt 0:02:41] Weighted Error Value: White=0.48/Black=0.32.  Mistake:       	White=6     	Black=4      Inaccurate:     	White=3     	---        OK:         	White=4     	Black=15     Best:        	White=2     	Black=1} 0-1

[Event "Israel National League 2024"]
[Site "Israel"]
[Date "2024.03.01"]
[Round "9.17"]
[White "Raznikov, Danny"]
[Black "Karp, Ilya"]
[Result "0-1"]
[ECO "E90"]
[WhiteElo "2476"]
[BlackElo "2382"]
[Annotator "TA"]
[PlyCount "66"]
[EventDate "2024.01.07"]
[EventType "team-tourn"]
[EventCountry "ISR"]
[SourceTitle "playchess.com"]
[Source "ChessBase"]
[SourceQuality "1"]
[TimeControl "40/5400+30:1800+30"]

1. d4 Nf6 2. c4 g6 3. Nc3 Bg7 4. e4 d6 5. h3 O-O 6. Be3 Nc6 7. Nf3 e5 $1 8. d5 Nd4 9. Bd3 Nh5 10. Bxd4 {[%emt 0:16:25] The position is equal.} exd4 11. Ne2 c5 12. g4 Qf6 13. Nfg1 Nf4 14. Nxf4 Qxf4 15. Ne2 (15. Qd2 $15 Qf6 16. f4) 15... Qh6 {[%emt 0:01:58] Hoping for ...Bxg4.} 16. Qd2 Qh4 $36 {[%emt 0:01:15][%mdl 2048] [#] ...Bh6 is the strong threat. White is under strong pressure.} 17. Qf4 Be5 18. Qf3 Bd7 19. a4 a6 {[%emt 0:01:20][%cal Ob7b5] Black is more active.} 20. Qg2 {[%emt 0:09:50] [#]} b5 $1 21. axb5 (21. O-O bxa4) 21... axb5 22. O-O bxc4 23. Bxc4 Rab8 24. f4 Bg7 25. Nc1 h5 26. Ra7 Rfd8 27. f5 {[%emt 0:02:37] Now White is beyond hope.} (27. Nd3 $17 {was worth a try.}) 27... hxg4 28. fxg6 $2 (28. Qxg4 Qxg4+ 29. hxg4 Rxb2 30. g5 (30. Nd3 $2 Rc2 $19)) 28... fxg6 $19 {[%emt 0:00:47] White must now prevent ...g3.} (28... Qxh3 29. gxf7+ (29. Rxf7 $2 Qe3+ 30. Qf2 Qxc1+ $19) 29... Kf8 30. Qxh3 gxh3 31. Nd3 $11) 29. Nd3 (29. e5 $142 Bxe5 30. Nd3) 29... Bh6 $2 (29... Qxh3 30. Qxh3 gxh3 31. Rc7 $19) (29... Rf8 30. hxg4 Bh6 (30... Qxg4 31. Rxf8+ Bxf8 32. Qxg4 $11) (30... Bxg4 $2 31. Nf2 $19) (30... Rxf1+ $2 31. Qxf1 Rf8 32. Rxd7 $19)) 30. e5 $2 (30. Kh2) 30... Bf5 {[%emt 0:01:52] Black is clearly winning.} ({Stronger than} 30... gxh3 31. Qxg6+ Kh8 32. Kh1 $18 (32. Qxd6 $2 {gets mated.} Qg5+ 33. Kh2 Qg2#)) ({Not} 30... Qxh3 31. Qxh3 gxh3 32. e6 $14) 31. Rxf5 gxf5 32. exd6 Rxd6 {[%emt 0:01:56] ...Re8 would now be deadly.} 33. b3 Re8 {[%emt 0:02:01] Weighted Error Value: White=0.90/Black=0.25 (precise) .  Mistake:       	White=5     	Black=1      Inaccurate:     	White=3     	Black=1      OK:         	White=6     	Black=9      Best:        	White=1     	Black=1} 0-1

[Event "Israel National League 2024"]
[Site "Israel"]
[Date "2024.03.01"]
[Round "9.18"]
[White "Mordechai, Hanan"]
[Black "Mindlin, Alon"]
[Result "1/2-1/2"]
[ECO "C45"]
[WhiteElo "2347"]
[BlackElo "2438"]
[Annotator "TA"]
[PlyCount "47"]
[EventDate "2024.01.07"]
[EventType "team-tourn"]
[EventCountry "ISR"]
[SourceTitle "playchess.com"]
[Source "ChessBase"]
[SourceQuality "1"]
[TimeControl "40/5400+30:1800+30"]

1. e4 e5 2. Nf3 Nc6 3. d4 exd4 4. Nxd4 Nf6 5. Nxc6 bxc6 6. e5 Qe7 7. Qe2 Nd5 8. c4 Nb6 9. Nc3 Qe6 10. Qe4 g6 11. Bd2 Bg7 (11... Ba6 $11) 12. c5 $14 Nd5 {[%emt 0:00:19] White is slightly better.} 13. Bc4 Bb7 14. O-O O-O 15. Rae1 Rae8 16. Qf3 Qf5 (16... Kh8 $11 {remains equal.}) 17. Qxf5 $16 gxf5 18. f4 f6 19. Bd3 (19. e6 $14 dxe6 20. Rf3) 19... fxe5 $11 20. fxe5 Bxe5 21. Rxf5 Rxf5 22. Bxf5 Nxc3 23. bxc3 d6 24. Re4 {[%emt 0:23:54] Weighted Error Value: White=0.14 (very precise) /Black=0.19 (very precise) .  Mistake:       	White=1     	Black=2      Inaccurate:     	White=2     	Black=1      OK:         	White=2     	Black=2      Best:        	White=3     	Black=3} 1/2-1/2

[Event "Israel National League 2024"]
[Site "Israel"]
[Date "2024.03.01"]
[Round "9.19"]
[White "Parkhov, Yair"]
[Black "Gelfand, Boris"]
[Result "1/2-1/2"]
[ECO "D53"]
[WhiteElo "2495"]
[BlackElo "2664"]
[Annotator "TA"]
[PlyCount "41"]
[EventDate "2024.01.07"]
[EventType "team-tourn"]
[EventCountry "ISR"]
[SourceTitle "playchess.com"]
[Source "ChessBase"]
[SourceQuality "1"]
[TimeControl "40/5400+30:1800+30"]

1. d4 Nf6 2. c4 e6 3. Nf3 d5 4. Nc3 c6 5. Bg5 h6 6. Bh4 Be7 7. e3 O-O 8. Bd3 dxc4 9. Bxc4 c5 10. O-O {[%emt 0:01:09] White is slightly better.} cxd4 11. exd4 Nc6 12. Re1 Nh5 13. Bxe7 Nxe7 14. Ne5 Nf6 15. a4 Bd7 16. d5 exd5 {[%emt 0:01:10] The position is equal.} 17. Nxd5 Nexd5 18. Bxd5 Nxd5 19. Qxd5 Bc8 20. Qf3 Rb8 21. Rad1 {[%emt 0:14:06] Weighted Error Value: White=0.12 (very precise) /Black=0.07 (flawless) .  Inaccurate:     	White=3     	Black=2      OK:         	White=5     	Black=6} 1/2-1/2

[Event "Israel National League 2024"]
[Site "Israel"]
[Date "2024.03.01"]
[Round "9.20"]
[White "Sarana, Alexey"]
[Black "Bitensky, Igor"]
[Result "1-0"]
[ECO "A58"]
[WhiteElo "2695"]
[BlackElo "2384"]
[Annotator "TA"]
[PlyCount "59"]
[EventDate "2024.01.07"]
[EventType "team-tourn"]
[EventCountry "ISR"]
[SourceTitle "playchess.com"]
[Source "ChessBase"]
[SourceQuality "1"]
[TimeControl "40/5400+30:1800+30"]

1. d4 Nf6 2. c4 c5 3. d5 b5 4. cxb5 a6 5. bxa6 g6 6. Nc3 Bg7 7. e4 {[%emt 0:00:07] aiming for e5.} O-O 8. Nf3 {[%emt 0:03:46][%cal Oa6a7] White is slightly better.} Qa5 9. Nd2 Bxa6 10. Be2 Bxe2 11. Qxe2 Qa6 12. Nc4 e6 13. O-O exd5 14. exd5 Re8 15. Be3 Ne4 16. Nxe4 ({Inferior is} 16. Bxc5 Bxc3 17. bxc3 Nd6 $17) 16... Rxe4 17. Rac1 d6 18. Qc2 f5 {[%emt 0:02:11][%cal Ob8d7] [#]} 19. b4 $1 {[%emt 0:10:32] And now b5 would win.} Nd7 20. bxc5 dxc5 {[%emt 0:02:10] [#]} 21. a3 $1 Rae8 22. g3 Qf6 (22... Bd4 $16) 23. Qb3 g5 (23... Rb8 $16 24. Qc2 h5) 24. Nd2 $18 R4e7 25. Bxc5 Re2 26. Nf3 {[%emt 0:03:07] Threatens to win with Bd4.} Qh6 $2 (26... Qb2 27. Qd3 Nxc5 28. Rxc5 g4) 27. Bd4 {[%emt 0:02:22] Hoping for Rc6.} Bxd4 28. Nxd4 {[%emt 0:00:02] White is clearly winning.} R8e3 (28... R2e4 $142 29. d6+ (29. Nxf5 Qf6 $18) 29... Kf8 30. Nxf5 Qe6 31. Qxe6 R4xe6) 29. Rc8+ (29. fxe3 $2 Qxh2#) 29... Kf7 30. Qb5 {[%emt 0:00:37] Weighted Error Value: White=0.11 (very precise) /Black=0.30.  Mistake:       	---       	Black=4      OK:         	White=14    	Black=10     Best:        	---       	Black=1      Strong:       	White=1     	---} (30. fxe3 $2 Qxh2#) 1-0

[Event "Israel National League 2024"]
[Site "Israel"]
[Date "2024.03.01"]
[Round "9.21"]
[White "Gorodetzky, Matan"]
[Black "Zanan, Evgeny"]
[Result "1/2-1/2"]
[ECO "C50"]
[WhiteElo "2325"]
[BlackElo "2487"]
[Annotator "TA"]
[PlyCount "92"]
[EventDate "2024.01.07"]
[EventType "team-tourn"]
[EventCountry "ISR"]
[SourceTitle "playchess.com"]
[Source "ChessBase"]
[SourceQuality "1"]
[TimeControl "40/5400+30:1800+30"]

1. e4 e5 2. Nf3 Nc6 3. Bc4 Nf6 4. d3 Bc5 5. Nc3 h6 6. O-O d6 7. a3 Bg4 8. h3 Bxf3 9. Qxf3 Nd4 {[%emt 0:00:12][%csl LRc2,LRf3] Against Ne2} 10. Qd1 c6 11. Be3 O-O 12. Ba2 a5 13. Kh1 b5 14. Ne2 Nxe2 15. Bxc5 dxc5 16. Qxe2 Qd6 17. g3 Rfe8 18. Qe3 Rad8 19. f4 {[%emt 0:11:28] [#]} (19. Kg2 $11 {remains equal.}) 19... c4 $1 $17 20. Rad1 (20. Rf3 a4) 20... Qd4 (20... Re7 $15) 21. Qxd4 $11 Rxd4 22. fxe5 Rxe5 23. dxc4 Rxd1 24. Rxd1 {[%emt 0:00:02][%mdl 4096] Endgame. KRB-KRN} b4 25. axb4 axb4 26. Kg2 c5 (26... Rxe4 27. Rd8+ Re8 28. Rxe8+ Nxe8 29. c5) 27. Rd8+ Kh7 28. Bb1 g6 (28... Rxe4 $2 29. c3 bxc3 30. bxc3 $18 (30. Bxe4+ Nxe4 31. bxc3 Kg6 $18)) 29. c3 $1 bxc3 (29... Nxe4 30. cxb4 cxb4 31. Bc2) 30. bxc3 Nxe4 31. Rd5 $1 Rxd5 32. cxd5 {[%emt 0:01:05] KB-KN} Nd6 (32... Nxc3 $2 {too greedy.} 33. d6 $18) 33. Kf3 Kg7 34. Kf4 ({Better is} 34. Ke3 $1 $11) 34... Kf6 $15 35. Bd3 g5+ (35... c4 $1 $15 36. Be2 g5+ 37. Kg4 Kg6 (37... Ke5 38. Kh5 $11)) 36. Kg4 $1 $11 {[%emt 0:00:13] The position is equal.} Kg7 37. h4 c4 38. Bb1 f6 39. Kh5 Nb5 40. Ba2 Nd6 41. Bb1 gxh4 42. Kxh4 f5 43. Kh5 Kf6 44. Kxh6 Ke5 45. Kg5 Nb5 46. Ba2 Nd6 {[%emt 0:01:19] Weighted Error Value: White=0.09 (flawless) /Black=0.07 (flawless) .  Mistake:       	White=2     	Black=2      OK:         	White=18    	Black=24     Best:        	White=1     	Black=2      Strong:       	White=3     	---} 1/2-1/2

[Event "Israel National League 2024"]
[Site "Israel"]
[Date "2024.03.01"]
[Round "9.22"]
[White "Bronstein, Or"]
[Black "Stolyarsky, Yegor"]
[Result "1-0"]
[ECO "D30"]
[WhiteElo "2441"]
[BlackElo "2111"]
[Annotator "TA"]
[PlyCount "77"]
[EventDate "2024.01.07"]
[EventType "team-tourn"]
[EventCountry "ISR"]
[SourceTitle "playchess.com"]
[Source "ChessBase"]
[SourceQuality "1"]
[TimeControl "40/5400+30:1800+30"]

1. d4 d5 2. c4 e6 3. Nf3 a6 4. Bg5 Nf6 5. e3 dxc4 6. Bxc4 b5 7. Bd3 Bb7 8. a4 {[%emt 0:09:13] White is slightly better.} b4 9. Nbd2 Be7 10. Bxf6 Bxf6 11. Qc2 Nd7 12. Be4 (12. Bxh7 g6 13. Bxg6 fxg6 $17) 12... Bxe4 13. Nxe4 O-O 14. O-O Be7 15. Rac1 Ra7 16. Rfd1 Qa8 17. Nc5 Nxc5 18. dxc5 c6 19. Ne5 Rc7 ({Black should try} 19... a5 20. Qe4 Rc7) 20. Nd7 $36 {[%emt 0:10:00][%mdl 2048] White is in control. White has more active pieces.} Rd8 21. Nb6 Rxd1+ 22. Rxd1 Qf8 23. a5 g6 24. Rd4 e5 25. Rc4 Qd8 26. g3 (26. Rxb4 $6 Bxc5 27. Rb3 (27. Rc4 Bxb6 28. axb6 Rd7 $11) 27... Rb7 $11) 26... b3 27. Qxb3 Qd2 28. Qc3 Qxc3 29. Rxc3 {[%emt 0:00:02][%mdl 4096] Endgame. KRB-KRN} e4 30. b4 Rb7 $2 {[%emt 0:00:29] This move loses the game for Black.} (30... f5 $16 31. f4 h5) 31. Rc4 $18 f5 $2 (31... Bf6 {might work better.} 32. Rxe4 Ba1) 32. Rd4 {[%emt 0:02:25] White is clearly winning.} Kf7 33. Rd7 Rxd7 34. Nxd7 {[%emt 0:00:02] KB-KN} Bf6 35. Nb8 $1 Bc3 (35... Ke6 $142 36. Nxc6 (36. Nxa6 Be5 $16) 36... Kd5) 36. Nxa6 Be5 {[%emt 0:04:13] [#]} 37. b5 $1 cxb5 38. Nb4 Bc3 {[%emt 0:01:35] [#]} (38... Bb8 $142 39. Nc6 b4 40. Nxb4 (40. Nxb8 $2 {loses.} b3 $19) 40... Ba7) 39. a6 $1 {[%emt 0:00:11] Weighted Error Value: White=0.23 (precise) /Black=0.22 (precise) .  Loses game:     	---       	Black=1      Mistake:       	---       	Black=3      Inaccurate:     	---       	Black=4      OK:         	White=10    	Black=17     Best:        	White=3     	---} 1-0

[Event "Israel National League 2024"]
[Site "Israel"]
[Date "2024.03.01"]
[Round "9.23"]
[White "Katkov, Michelle"]
[Black "Veinberg, Nimrod"]
[Result "0-1"]
[ECO "C54"]
[WhiteElo "2106"]
[BlackElo "2411"]
[Annotator "TA"]
[PlyCount "66"]
[EventDate "2024.01.07"]
[EventType "team-tourn"]
[EventCountry "ISR"]
[SourceTitle "playchess.com"]
[Source "ChessBase"]
[SourceQuality "1"]
[TimeControl "40/5400+30:1800+30"]

1. e4 e5 2. Nf3 Nc6 3. Bc4 Bc5 4. c3 Nf6 5. d3 d6 6. O-O a5 7. Re1 Ba7 8. Nbd2 O-O {[%emt 0:01:18] The position is equal.} 9. Nf1 Be6 10. Bb5 Ne7 11. h3 Ng6 12. Ng3 c6 13. Ba4 d5 14. exd5 Nxd5 15. d4 exd4 16. Nxd4 Qc7 17. Ne4 Rae8 18. Nxe6 {[%emt 0:15:32] White is now going downhill.} (18. Bb3 $15) 18... Rxe6 $19 19. Bd2 Rfe8 ({Black should play} 19... Ngf4 $19 20. c4 Nd3 21. Bxa5 (21. cxd5 $2 Rxe4 22. Rxe4 Nxf2 $19) 21... Nxf2 (21... Qxa5 $2 22. Qxd3 Nf4 23. Qf3 $19) 22. Nxf2 Qxa5 23. Rxe6 fxe6 24. cxd5 Rxf2 (24... Bxf2+ $2 25. Kh1 $19) (24... cxd5 25. Bd7 $17) (24... Qxd5 25. Bb3 $17) (24... exd5 $2 25. Kh1 $19)) 20. Bc2 {[%emt 0:03:04] [#]} (20. Qf3 $17) 20... f5 $1 21. c4 (21. Ng5 Rxe1+ 22. Bxe1 Qg3 $19) 21... Nb4 22. Nc3 Qg3 23. Be3 $2 (23. c5 $17 Rxe1+ (23... Bxc5 24. Rxe6 Rxe6 25. Kh1 $16) 24. Bxe1 Bxc5 25. Kh1) 23... Rxe3 (23... Bxe3 24. Rxe3 Qg5 25. Rxe6 Rxe6 26. g3 Nxc2 27. Qxc2 $19) 24. fxe3 Nh4 25. Re2 Bb8 (25... Bxe3+ $2 26. Kh1 $19) 26. Kf1 Qh2 {[%emt 0:00:44] ( -> ...Qh1+)} (26... Rxe3 27. Ne4 fxe4 28. Qd7 $11) 27. Rf2 Nxc2 28. Qxc2 Qh1+ 29. Ke2 Qxa1 30. Rf1 {[%emt 0:01:38] [#]} Rxe3+ $3 31. Kf2 Bg3+ 32. Kg1 {[%emt 0:00:06] [#]} Qxf1+ $3 33. Kxf1 Re1# {[%emt 0:00:39] Weighted Error Value: White=1.22/Black=0.57.  Loses game:     	White=1     	---        Mistake:       	White=2     	Black=1      Inaccurate:     	White=2     	Black=1      OK:         	White=5     	Black=7      Best:        	White=1     	Black=1      Strong:       	---       	Black=1} 0-1

[Event "Israel National League 2024"]
[Site "Israel"]
[Date "2024.03.01"]
[Round "9.24"]
[White "Kaspi, Alexander"]
[Black "Kunin, Pavel"]
[Result "0-1"]
[ECO "D35"]
[WhiteElo "2375"]
[BlackElo "2221"]
[Annotator "RC"]
[PlyCount "146"]
[EventDate "2024.01.07"]
[EventType "team-tourn"]
[EventCountry "ISR"]
[SourceTitle "playchess.com"]
[Source "ChessBase"]
[SourceQuality "1"]
[TimeControl "40/5400+30:1800+30"]

1. d4 d5 2. c4 e6 3. Nc3 Be7 4. cxd5 exd5 5. Bf4 Nf6 6. e3 O-O 7. Bd3 c6 8. Qc2 Nbd7 9. Nf3 Re8 10. O-O Nf8 11. Rab1 Ng6 12. Bg3 Bd6 13. b4 a6 14. a4 Bg4 15. Nd2 Bxg3 16. hxg3 Qd6 17. Rfc1 Rec8 18. Nb3 Nf8 19. Nc5 Qe7 20. b5 axb5 21. axb5 Ne6 22. N5a4 Rc7 23. Nb6 Rd8 24. Qb3 Bh5 25. Nca4 Bg6 26. Nc5 Nxc5 27. Rxc5 Ng4 28. Rbc1 Bxd3 29. Qxd3 Qg5 30. bxc6 Rxc6 31. Rxc6 bxc6 32. f3 Nxe3 33. Qd2 Re8 34. Re1 h6 35. Na4 Re6 36. Qd3 Nf5 37. Rxe6 fxe6 38. g4 Qe3+ 39. Qxe3 Nxe3 40. Nc5 Kf7 41. Kf2 Nc2 42. Nb3 Kf6 43. f4 Nb4 44. Ke3 Na6 45. Kf3 Ke7 46. Kg3 Kd6 47. Kh4 g6 48. g5 h5 49. g4 hxg4 50. Kxg4 Kc7 51. Kf3 Kb6 52. Ke3 Kb5 53. Nd2 Kb4 54. Kd3 c5 55. Nf3 c4+ 56. Kc2 Nc7 57. Ne5 Nb5 58. Nxg6 Nxd4+ 59. Kd1 c3 60. Ne5 Kb3 61. g6 Nf5 62. Kc1 Ng7 63. Nf3 Kc4 64. Kc2 d4 65. Ne5+ Kd5 66. Kd3 Nh5 67. Kc2 Ke4 68. Nc6 Ke3 69. Kb3 Ng7 70. Kc2 Nf5 71. Kd1 d3 72. Nb4 c2+ 73. Kc1 Ke2 0-1

[Event "Israel National League 2024"]
[Site "Israel"]
[Date "2024.03.01"]
[Round "9.25"]
[White "Emanuel, Yahav"]
[Black "Moiseenko, Alexander"]
[Result "1/2-1/2"]
[ECO "A46"]
[WhiteElo "2333"]
[BlackElo "2570"]
[Annotator "RC"]
[PlyCount "175"]
[EventDate "2024.01.07"]
[EventType "team-tourn"]
[EventCountry "ISR"]
[SourceTitle "playchess.com"]
[Source "ChessBase"]
[SourceQuality "1"]
[TimeControl "40/5400+30:1800+30"]

1. d4 Nf6 2. Nf3 e6 3. Bf4 Be7 4. h3 c5 5. e3 O-O 6. Nbd2 cxd4 7. exd4 b6 8. c3 d6 9. Bb5 Ba6 10. a4 Nd5 11. Bh2 Bxb5 12. axb5 Nc7 13. c4 a6 14. bxa6 Nbxa6 15. O-O b5 16. b3 Nb4 17. Qe2 h6 18. Rxa8 Nxa8 19. Ra1 Nc7 20. Nb1 Qd7 21. Qd2 Nca6 22. Bf4 bxc4 23. bxc4 Rc8 24. Na3 Bf8 25. Rc1 f6 26. Qd1 Qe8 27. Qb3 Kh8 28. Bd2 Rb8 29. Bxb4 Nxb4 30. Qe3 e5 31. Nb5 e4 32. Nd2 f5 33. f3 d5 34. fxe4 fxe4 35. Nc3 Be7 36. cxd5 Bg5 37. Qe2 Nd3 38. Rf1 Rb2 39. Qxe4 Be3+ 40. Kh1 Qxe4 41. Ndxe4 Bxd4 42. Rd1 Bxc3 43. Rxd3 Rb1+ 44. Kh2 Be5+ 45. g3 Rb4 46. Nd2 Bd6 47. Kg2 Kg8 48. Kf3 Kf7 49. Ne4 Ke7 50. Ra3 Bb8 51. Ra8 h5 52. Ra6 Rb3+ 53. Kf2 Rb2+ 54. Kf3 Rb3+ 55. Kf2 Rb2+ 56. Ke3 Rb3+ 57. Kd4 Rb4+ 58. Kd3 Bxg3 59. Rg6 Bh2 60. Rxg7+ Kf8 61. Rg5 Rb3+ 62. Nc3 h4 63. Kc4 Ra3 64. Rh5 Bg3 65. Rf5+ Ke7 66. Ne4 Bh2 67. Ng5 Ke8 68. Rf3 Ra1 69. Kd4 Ra4+ 70. Kc5 Ra5+ 71. Kc6 Ra6+ 72. Kb5 Ra1 73. Kc4 Ra4+ 74. Kb5 Ra1 75. Ne4 Ke7 76. Rd3 Bd6 77. Kc6 Ra6+ 78. Kb5 Ra1 79. Re3 Bf4 80. Rf3 Bd6 81. Re3 Bf4 82. Rf3 Bd6 83. Nd2 Rd1 84. Rf2 Rh1 85. Rf3 Rd1 86. Rf2 Rh1 87. Rf3 Rd1 88. Rf2 1/2-1/2